Map: 死亡光环-天梯版

Players

JieShi - Winner!

  • Race: Protoss Protoss
  • League: Master

Cyan

  • Race: Protoss Protoss

Event: DreamHack SC2 Masters 2020 Fall

VOD

Have the link to the VOD?

Description

Time

  • Played on: Sept. 3, 2020, 7:40 a.m.
  • Length: 8:24

All games in this series

Show
View Real Time Build Order
Export as new Build Order

JieShi Protoss - Winner!

Build Orders:  

Get SALT Encoding   

  12  0:00  Probe  
  13  0:12  Probe  
  14  0:17  Pylon  
  14  0:24  Probe (Chrono Boost)  
  15  0:36  Probe (Chrono Boost)  
  15  0:37  Gateway  
  16  0:44  Probe (Chrono Boost)  
  16  0:47  Assimilator  
  17  0:51  Probe  
  17  0:54  Assimilator  
  18  1:03  Probe (Chrono Boost)  
  19  1:07  Gateway  
  19  1:12  Probe (Chrono Boost)  
  19  1:17  Probe (Chrono Boost)  
  20  1:25  Cybernetics Core  
  21  1:29  Probe  
  22  1:34  Pylon  
  22  1:41  Probe  
  23  1:53  Probe  
  24  1:59  Warp Gate (Chrono Boost)  
  24  2:02  Stalker x2  
  28  2:20  Pylon  
  28  2:32  Stalker  
  30  2:38  Stalker  
  32  2:44  Pylon  
  31  2:51  Robotics Facility  
  31  2:56  Gateway  
  31  3:02  Stalker  
  33  3:08  Stalker  
  35  3:32  Pylon  
  35  3:40  Warp Prism  
  37  3:42  Sentry  
  37  3:47  Stalker  
  41  3:55  Stalker  
  37  4:15  Stalker x2  
  41  4:17  Observer  
  41  4:20  Stalker  
  44  4:44  Stalker x3  
  50  4:48  Pylon  
  50  5:08  Stalker  
  50  5:09  Stalker  
  50  5:13  Stalker  
  54  5:32  Stalker  
  54  5:33  Stalker  
  54  5:43  Stalker  
  56  5:57  Stalker x2  
  56  6:01  Pylon  
  60  6:12  Stalker  
  58  6:23  Stalker  
  58  6:24  Zealot  
  58  6:37  Stalker  
  60  6:49  Stalker x2  
  52  7:01  Stalker  
  50  7:21  Stalker  
  52  7:27  Stalker x2  
  54  7:44  Stalker  
  56  7:51  Stalker  
  56  7:52  Stalker  
  60  7:59  Nexus  
  58  8:14  Stalker x2  
Show
View Real Time Build Order
Export as new Build Order

Cyan Protoss 

Build Orders: 1 Gate Expand 

Get SALT Encoding   

  12  0:00  Probe  
  13  0:12  Probe  
  14  0:18  Pylon  
  14  0:24  Probe (Chrono Boost)  
  15  0:36  Probe (Chrono Boost)  
  15  0:38  Gateway  
  16  0:46  Assimilator, Probe (Chrono Boost)  
  17  0:54  Probe  
  18  1:07  Probe  
  19  1:13  Pylon  
  19  1:19  Probe  
  20  1:27  Nexus  
  20  1:36  Cybernetics Core  
  20  1:38  Probe  
  21  1:46  Assimilator  
  21  1:50  Probe  
  22  1:55  Pylon  
  22  2:03  Probe (Chrono Boost)  
  23  2:10  Stalker (Chrono Boost)  
  23  2:13  Warp Gate  
  23  2:15  Probe (Chrono Boost)  
  26  2:19  Probe (Chrono Boost)  
  27  2:29  Pylon  
  27  2:34  Stargate  
  26  2:38  Probe  
  26  2:41  Probe  
  26  2:43  Stalker (Chrono Boost)  
  30  2:52  Shield Battery  
  30  2:53  Probe  
  30  2:57  Probe  
  32  3:06  Stalker  
  32  3:11  Void Ray (Chrono Boost)  
  34  3:15  Probe  
  35  3:25  Shield Battery, Probe  
  40  3:27  Probe  
  41  3:37  Probe  
  41  3:40  Probe  
  43  3:43  Shield Battery  
  43  3:49  Probe  
  43  3:54  Pylon  
  43  3:55  Probe  
  44  4:05  Stalker  
  44  4:07  Void Ray (Chrono Boost)  
  44  4:09  Probe  
  45  4:15  Shield Battery  
  45  4:16  Shield Battery, Pylon  
  47  4:18  Probe  
  48  4:30  Gateway  
  48  4:31  Probe x2  
  48  4:33  Void Ray (Chrono Boost), Gateway  
  50  4:43  Stalker  
  56  4:48  Pylon  
  56  4:51  Shield Battery  
  56  4:55  Shield Battery  
  56  5:01  Cybernetics Core  
  56  5:06  Zealot  
  56  5:07  Void Ray (Chrono Boost)  
  62  5:15  Gateway  
  62  5:34  Zealot x2  
  66  5:37  Void Ray (Chrono Boost)  
  60  5:51  Probe x2  
  60  5:52  Robotics Facility, Assimilator  
  60  5:55  Zealot x2, Shield Battery  
  66  5:59  Shield Battery x2  
  66  6:05  Shield Battery  
  66  6:10  Stalker  
  60  6:19  Zealot  
  60  6:22  Zealot  
  60  6:25  Void Ray (Chrono Boost), Probe x2  
  59  6:35  Pylon  
  59  6:37  Zealot  
  59  6:42  Probe x2  
  59  6:46  Zealot  
  60  6:51  Immortal  
  55  6:54  Stalker  
  55  6:58  Zealot  
  55  7:07  Probe  
  55  7:08  Probe  
  49  7:09  Zealot  
  49  7:17  Zealot  
  49  7:18  Void Ray  
  49  7:19  Zealot  
  51  7:26  Probe  
  55  7:31  Zealot  
  55  7:33  Shield Battery  
  42  7:46  Stalker  
  46  7:55  Stalker  
  46  7:56  Zealot  
  47  8:06  Pylon  

Tags
 
Add a new tag
Caveats
  • Supply blocks, unpowered buildings, or Contaminate may cause inaccurate times.
  • Supply counts are checked every 10 seconds.